 Dungeon Crawl Stone Soup version 0.28-a0-1629-gf728b707aa (webtiles) character file.

Game seed: 13580085363351677703

1 fragbeetle the Chiller (level 1, 0/13 HPs)
             Began as a Merfolk Ice Elementalist on Jan 25, 2022.
             Slain by a hobgoblin (5 damage)
             ... on level 1 of the Dungeon.
             The game lasted 00:00:17 (63 turns).

fragbeetle the Chiller (Merfolk Ice Elementalist)     Turns: 63, Time: 00:00:18

Health: 0/13       AC:  2    Str:  8    XL:     1   Next: 20%
Magic:  3/3        EV: 12    Int: 14    God:
Gold:   7          SH:  0    Dex: 14    Spells: 3/4 levels left

rFire   . . .      SeeInvis .   b - +0 dagger
rCold   . . .      Faith    .   (no shield)
rNeg    . . .      Spirit   .   a - +0 robe
rPois   .          Reflect  .   (no helmet)
rElec   .          Harm     .   (no cloak)
rCorr   .          Rampage  .   (no gloves)
Will    .....                   (no boots)
Stlth   ++........              (no amulet)
HPRegen 0.04/turn               (no ring)
MPRegen 0.08/turn               (no ring)

@: no status effects
A: (nimble swimmer 2), mertail
a: no special abilities


You were on level 1 of the Dungeon.
You visited 1 branch of the dungeon, and saw 1 of its levels.

You collected 7 gold pieces.

Inventory:

Hand Weapons
 b - a +0 dagger (weapon)
Armour
 a - a +0 robe (worn)


   Skills:
 + Level 0.0 Fighting
 + Level 2.7 Dodging
 + Level 2.2 Stealth
 - Level 2.0 Spellcasting
 * Level 4.4 Ice Magic


You had 3 spell levels left.
You knew the following spells:

 Your Spells              Type           Power      Damage    Failure   Level
a - Freeze                Ice            52%        1d7       3%          1

Your spell library contained the following spells:

 Spells                   Type           Power      Damage    Failure   Level
 Frozen Ramparts          Ice            26%        1d4       12%         3
 Ozocubu's Armour         Ice            13%        N/A       12%         3
 Hailstorm                Conj/Ice       7%         3d4       67%         4


Dungeon Overview and Level Annotations

Branches:
Dungeon (1/15)

Altars:


Innate Abilities, Weirdness & Mutations

((You are very nimble when in or above water. (Stealth+, EV+, Speed+++)))
Your lower body shifts to a powerful aquatic tail in water.


Message History

The goblin barely misses you.
You hit the goblin.
You kill the goblin!
You hit the hobgoblin but do no damage.
You punch the hobgoblin, but do no damage.
The hobgoblin closely misses you.
You hit the hobgoblin.
The hobgoblin is moderately wounded.
The hobgoblin closely misses you.
You hit the hobgoblin but do no damage.
The hobgoblin is moderately wounded.
The hobgoblin misses you.
You closely miss the hobgoblin.
The hobgoblin is moderately wounded.
The hobgoblin hits you.
You barely miss the hobgoblin.
The hobgoblin is moderately wounded.
The hobgoblin barely misses you.
You hit the hobgoblin but do no damage.
The hobgoblin is moderately wounded.
The hobgoblin closely misses you.
You hit the hobgoblin but do no damage.
The hobgoblin is moderately wounded.
The hobgoblin closely misses you.
You hit the hobgoblin.
The hobgoblin is severely wounded.
The hobgoblin misses you.
You hit the hobgoblin.
The hobgoblin is almost dead.
The hobgoblin hits you.
You barely miss the hobgoblin.
The hobgoblin is almost dead.
The hobgoblin barely misses you.
You hit the hobgoblin but do no damage.
The hobgoblin is almost dead.
The hobgoblin closely misses you.
You barely miss the hobgoblin.
The hobgoblin is almost dead.
The hobgoblin hits you.
You die...

.###.###..###
....#...... .....
#..#.#..## ....
##........ ...# .
.......g# ...##.#
###.#.##.## .....
#.........# ...#
#.#.#.##.g##...###.
# #.#.##.Jg@.......
#.#.###.###.##.##
######.#...... #
#Z#Z##'#####.##
#######...####.#
#Z#.....>.#Z##.#
###.###...###..#
....#Z##+## ##
#######


You could see an endoplasm, a hobgoblin and a goblin.

Vanquished Creatures
  A goblin (D:1)
1 creature vanquished.

Notes
Turn   | Place    | Note
-------+----------+-------------------------------------------
     0 | D:1      | fragbeetle the Merfolk Ice Elementalist began the quest for
                  | the Orb.
     0 | D:1      | Reached XP level 1. HP: 13/13 MP: 3/3
    16 | D:1      | Noticed a demonspawn zombie
    63 | D:1      | Slain by a hobgoblin

Illustrated notes

Levels and vault maps discovered:
D:1:      shiori_arrival_whats_in_store_for_you, layout_loops_ring,
          minmay_tromino_v4_b

Action                   || total
-------------------------++-------
Melee: Dagger            ||    15
       Punch             ||     1
 Cast: Freeze            ||     1
Dodge: Dodged            ||    10

Table legend: (Time is in decaauts)
 A = Elapsed time spent in this place.
 B = Non-inter-level travel time spent in this place.
 C = Inter-level travel time spent in this place.
 D = Time resting spent in this place.
 E = Time spent auto-exploring this place.
 F = Levels seen in this place.
 G = Mean time per level.
                   A        B        C        D        E       F      G
               +--------+--------+--------+--------+--------+-----+--------+
         Total |     62 |     62 |      0 |      0 |     32 |   1 |   62.0 |
       Dungeon |     62 |     62 |      0 |      0 |     32 |   1 |   62.0 |
               +--------+--------+--------+--------+--------+-----+--------+

Top non-repeatable levels by time:
     D:1: 62 daAuts
